 Dungeon Crawl Stone Soup version 0.29-a0-901-g46a8461d6a (webtiles) character file.

Game seed: 3909493545038509803

32881 Aviak the Fighter (level 14, -8/119 HPs)
             Began as a Formicid Fighter on July 23, 2022.
             Was the Champion of Okawaru.
             Mangled by a spriggan rider
             ... wielding the +4 trident of Reinforcement {freeze, *Noise rCorr Str-3 Dex+9}
              (11 damage)
             ... on level 4 of the Lair of Beasts.
             The game lasted 00:25:39 (17774 turns).

Aviak the Fighter (Formicid Fighter)               Turns: 17774, Time: 00:25:39

Health: -8/119     AC: 19    Str: 27    XL:     14   Next: 5%
Magic:  0/20       EV: 17    Int:  7    God:    Okawaru [******]
Gold:   697        SH:  0    Dex: 13    Spells: 13/13 levels left

rFire   + . .      SeeInvis +   w - +5 giant spiked club
rCold   . . .      Faith    .   (shield currently unavailable)
rNeg    . . .      Spirit   +   H - +1 ring mail {rF+}
rPois   +          Reflect  .   (helmet unavailable)
rElec   .          Harm     .   B - +1 cloak
rCorr   .          Rampage  .   (no gloves)
Will    +....                   L - +2 pair of boots {Fly}
Stlth   ++........              l - amulet of guardian spirit
HPRegen 0.29/turn               A - +4 ring of protection
MPRegen 0.17/turn               P - ring of poison resistance

@: heroic, flying, studying Invocations
A: permanent stasis, dig shafts and tunnels, antennae 3, four strong arms
a: Dig, Shaft Self, Renounce Religion, Heroism, Finesse, Duel


You were on level 4 of the Lair of Beasts.
You worshipped Okawaru.
Okawaru was exalted by your worship.
You visited 3 branches of the dungeon, and saw 16 of its levels.

You collected 1061 gold pieces.
You spent 364 gold pieces at shops.

Inventory:

Hand Weapons
 d - a +9 dire flail
 o - a +3 eveningstar of protection
 w - a +5 giant spiked club (weapon)
 W - a +0 giant spiked club
Missiles
 F - 7 throwing nets {!f}
Armour
 j - a +0 plate armour
 n - a +0 buckler
 y - the +1 pair of gloves of the Lumpy Nightmares {rElec rC- Int+4}
   (Okawaru gifted it to you on level 10 of the Dungeon)

   Int:       It affects your intelligence (+4).
   rC:        It makes you vulnerable to cold.
   rElec:     It insulates you from electricity.
 B - a +1 cloak (worn)
 H - a +1 ring mail of fire resistance (worn)
 L - a +2 pair of boots of flying (worn)
 Z - an orb of mayhem
Jewellery
 g - a ring of magical power
 l - an amulet of guardian spirit (around neck)
 A - a +4 ring of protection (left hand)
 C - a ring of protection from cold
 P - a ring of poison resistance (right hand)
 X - a ring of resist corrosion
Wands
 a - a wand of paralysis (19)
 q - a wand of digging (5)
 x - a wand of quicksilver (9)
 D - a wand of iceblast (12)
 E - a wand of mindburst (7)
 Y - a wand of flame (9)
Scrolls
 b - 2 scrolls of magic mapping
 e - 2 scrolls of fear
 h - 3 scrolls of torment {!r}
 m - 2 scrolls of enchant weapon
 r - 2 scrolls of amnesia
 v - a scroll of poison
 z - 4 scrolls of vulnerability {!r}
 Q - a scroll of enchant armour
 R - a scroll of silence {!r}
Potions
 c - 7 potions of curing
 k - 5 potions of attraction
 s - 4 potions of mutation {!q}
 t - 2 potions of ambrosia
 u - a potion of flight {unknown}
 G - a potion of resistance
 J - 2 potions of degeneration {unknown}
 K - 5 potions of might
 M - 3 potions of lignification {!q}
 N - 3 potions of invisibility
 S - 4 potions of heal wounds {unknown}
 T - a potion of cancellation {unknown}
 U - 4 potions of brilliance {unknown}
 V - 3 potions of magic {unknown}


   Skills:
 + Level 13.7(18.7) Fighting
 + Level 12.4(17.4) Maces & Flails
 + Level 9.2(14.2) Armour
 - Level 9.0(14.0) Dodging
 - Level 6.4(11.4) Shields
 - Level 8.2 Invocations
 - Level 5.0 Evocations


You had 13 spell levels left.
You didn't know any spells.
Your spell library contained the following spells:

 Spells                   Type           Power      Damage    Failure   Level
 Freeze                   Ice            0%         1d3       52%         1
 Shock                    Conj/Air       0%         1d3       52%         1
 Ensorcelled Hibernation  Hex/Ice        0%         N/A       67%         2
 Passwall                 Tmut/Erth      0%         N/A       67%         2
 Scorch                   Fire           0%         2d5       67%         2
 Static Discharge         Conj/Air       0%         3-3/arc   67%         2
 Dazzling Flash           Conj/Hex       0%         N/A       88%         3
 Frozen Ramparts          Ice            0%         1d2       88%         3
 Portal Projectile        Hex/Tloc       0%         N/A       88%         3
 Airstrike                Air            0%         0-1+      99%         4
 Dispel Undead            Necr           0%         3d6       99%         4
 Flame Wave               Conj/Fire      0%         2d4       99%         4
 Hailstorm                Conj/Ice       0%         3d3       99%         4
 Leda's Liquefaction      Hex/Erth       0%         N/A       99%         4
 Petrify                  Tmut/Erth      0%         N/A       99%         4
 Sticky Flame             Conj/Fire      0%         2d3       99%         4
 Agony                    Necr           0%         N/A       100%        5
 Metabolic Englaciation   Hex/Ice        0%         N/A       100%        5
 Silence                  Hex/Air        0%         N/A       100%        5
 Statue Form              Tmut/Erth      0%         N/A       100%        6
 Call Canine Familiar     Summ           Unusable   N/A       N/A         3
 Swiftness                Air            Unusable   N/A       N/A         3
 Summon Cactus Giant      Summ           Unusable   N/A       N/A         6

Dungeon Overview and Level Annotations

Branches:
Dungeon (11/15) Zot: 25966  Temple (1/1) D:4 Zot: 5767    Lair (4/5) D:11 Zot: 19130
  Swamp (0/4) Lair:2       Spider (0/4) Lair:2          Orc (0/2) D:9
  Slime: Lair:4-5

Altars:
Ashenzari
Cheibriados
Dithmenos
Elyvilon
Fedhas
Gozag
Hepliaklqana
Kikubaaqudgha
Makhleb
Nemelex Xobeh
Okawaru
Qazlal
Ru
Sif Muna
Trog
Uskayaw
Vehumet
Wu Jian
Xom
Yredelemnul
Zin
The Shining One

Shops:
D:7 ([!*

Annotations:
D:1 2 transporters


Innate Abilities, Weirdness & Mutations

You cannot be hasted, slowed, berserked, paralysed or teleported.
You can dig through walls and to a lower floor.
You have a pair of large antennae on your head. (SInv)
Your four strong arms can wield two-handed weapons with a shield.


Message History

The spriggan rider hits you from afar with the +4 trident of Reinforcement {freeze, *Noise rCorr Str-3 Dex+9}.
The spriggan rider freezes you.
The spriggan rider hits you with a +0 spear!
You barely miss the spriggan rider.
The spriggan rider hits you from afar with the +4 trident of Reinforcement {freeze, *Noise rCorr Str-3 Dex+9}!!
The spriggan rider freezes you!
The spriggan rider hits you with a +0 spear!
* * * LOW HITPOINT WARNING * * *
Unknown command.
You gain the combat prowess of a mighty hero.
The spriggan rider hits you from afar with the +4 trident of Reinforcement {freeze, *Noise rCorr Str-3 Dex+9}.
* * * LOW HITPOINT WARNING * * *
The spriggan rider freezes you.
The spriggan rider hits you with a +0 spear!
* * * LOW HITPOINT WARNING * * *
The boggart casts a spell.
Okay, then.
The spriggan rider blocks your attack.
The spriggan rider hits you but does no damage.
The spriggan rider closely misses you.
You puncture the spriggan rider!
The spriggan rider is lightly wounded.
The spriggan rider hits you from afar with the +4 trident of Reinforcement {freeze, *Noise rCorr Str-3 Dex+9}!
* * * LOW HITPOINT WARNING * * *
The spriggan rider freezes you.
* * * LOW HITPOINT WARNING * * *
The spriggan rider hits you with a +0 spear!
* * * LOW HITPOINT WARNING * * *
Unknown command.
You hammer the spriggan rider like a gong!!!
You kill the spriggan rider!
Okawaru accepts your kill. Okawaru grants you armour!
Something appears at your feet!
You see here the +1 plate armour "Jiromosch" {rPois Will++ Regen+ Slay-2}.
You kill the hornet!
Okawaru accepts your kill. The yak gores you but does no damage.
The spriggan rider hits you from afar with the +4 trident of Reinforcement {freeze, *Noise rCorr Str-3 Dex+9}!
You die...

#. #.# #..## # #.# #...##
#. #.# ##.#.# #.# #.#
#..## #..##.#♣♣♣ #.##
......#.{ ♣♣ #.#
#.##..##♣ .P ##.##
#..##.8#♣Y♣ #...##
#.P##.@#.♣ #..#.#
#....YYYi♣!P. ##.###
#..##..#g..♣ #..#
#.....8#...P.♣#.## {
#..##.##.♣♣.♣♣#..##
##..####!.♣ ♣ #...# ##
#..#.# ♣♣♣ #.P.# ♣
#...###.##### ###..## ♣
.#.>......#P.#######.#.##


You could see a spriggan rider, 4 yaks and a boggart.

Vanquished Creatures
  Fannar (Lair:3)
  2 hydras
  A boulder beetle (D:11)
  Harold (D:9)
  The ghost of Piki the Eclecticist, a journeyman GrFE of Sif Muna (Lair:4)
  6 two-headed ogres
  The ghost of stazo the Cleaver, a novice DsFi of Okawaru (D:9)
  A fire crab (Lair:4)
  Amaemon (D:10)
  A spriggan (Lair:4)
  A bog body (Lair:2)
  Pikel (D:6)
  A cyclops (D:11)
  2 elephants (Lair:4)
  2 black mambas (Lair:1)
  5 cane toads
  An orange demon (D:11)
  Maggie (D:8)
  6 komodo dragons
  A rime drake (Lair:3)
  A kobold demonologist (D:11)
  An efreet (D:9)
  2 hornets
  A troll (D:10)
  2 polar bears
  4 blink frogs (Lair:4)
  4 culicivoras (Lair:2)
  6 wyverns
  A shadow (D:11)
  A wraith (D:9)
  Grum (D:8)
  38 yaks
  A steam dragon (D:9)
  4 vampire mosquitoes
  2 basilisks
  Menkaure (D:7)
  A redback (D:9)
  An acid dragon (D:8)
  2 swamp worms (Lair:2)
  Duvessa (D:6)
  11 water moccasins
  2 sky beasts
  7 black bears
  3 ice beasts
  3 ogres (D:3)
  4 orc warriors
  3 wolves (D:8)
  2 phantoms (D:9)
  A lemure (D:6)
  2 kobold brigands
  The ghost of wilfster70 the Digger, an amateur GrEE (D:3)
  15 bullfrogs
  A gnoll sergeant (D:8)
  2 wyvern zombies (D:8)
  4 necrophages (D:8)
  A scorpion (Lair:2)
  5 wights
  Dowan (D:6)
  5 killer bees (D:7)
  An electric eel (Lair:2)
  3 howler monkeys
  A jelly (D:6)
  4 hounds
  2 gnoll boudas
  3 orc priests
  A human zombie (D:8)
  3 iguanas
  12 orc wizards
  6 ogre zombies (D:9)
  3 howler monkey zombies (D:8)
  20 gnolls
  6 adders
  2 shadow imps (D:7)
  3 white imps
  An ufetubus (D:7)
  3 worms
  3 dart slugs
  21 orcs
  3 bats (D:3)
  6 endoplasms
  2 giant cockroaches (D:2)
  5 goblins
  10 hobgoblins
  11 jackals
  A quokka (D:1)
  11 ball pythons
  5 frilled lizards
  A goblin skeleton (D:9)
  3 goblin zombies (D:9)
  2 hobgoblin skeletons (D:9)
  2 hobgoblin zombies (D:9)
  11 kobolds
  11 orc zombies (D:9)
  5 rats
372 creatures vanquished.

Vanquished Creatures (others)
  A vampire mosquito (D:9)
  A water moccasin (D:9)
  An orc wizard (D:5)
  8 fungi
  23 plants
34 creatures vanquished.

Grand Total: 406 creatures vanquished

Notes
Turn   | Place    | Note
-------+----------+-------------------------------------------
     0 | D:1      | Aviak the Formicid Fighter began the quest for the Orb.
     0 | D:1      | Reached XP level 1. HP: 18/18 MP: 1/1
    75 | D:1      | Reached XP level 2. HP: 20/24 MP: 2/2
   660 | D:1      | Reached XP level 3. HP: 29/29 MP: 3/3
   667 | D:1      | Found a faded altar of an unknown god.
  1875 | D:2      | Reached XP level 4. HP: 37/37 MP: 4/4
  2119 | D:2      | Reached skill level 4 in Fighting
  2615 | D:3      | Reached XP level 5. HP: 36/42 MP: 5/5
  2620 | D:3      | Reached skill level 5 in Shields
  2974 | D:3      | Found a transporter.
  2974 | D:3      | Found a transporter.
  2975 | D:3      | Noticed wilfster70's ghost (amateur GrEE)
  2975 | D:3      | Noticed an ogre
  2976 | D:3      | Noticed an ogre
  2985 | D:3      | Noticed an ogre
  3176 | D:4      | Noticed a kobold brigand
  3212 | D:4      | Killed a kobold brigand
  3213 | D:4      | Reached XP level 6. HP: 11/49 MP: 5/6
  3921 | D:4      | Found a staircase to the Ecumenical Temple.
  3932 | Temple   | Entered the Ecumenical Temple
  3950 | Temple   | Became a worshipper of Warmaster Okawaru
  4137 | D:5      | Entered Level 5 of the Dungeon
  4336 | D:5      | Reached XP level 7. HP: 53/55 MP: 7/7
  4372 | D:5      | Reached skill level 5 in Armour
  4376 | D:5      | Reached skill level 5 in Fighting
  4629 | D:5      | Reached * piety under Okawaru
  4889 | D:5      | Reached skill level 1 in Invocations
  5250 | D:3      | Reached XP level 8. HP: 63/63 MP: 9/9
  5253 | D:3      | Killed wilfster70's ghost
  5257 | D:3      | Reached ** piety under Okawaru
  5258 | D:3      | Reached skill level 6 in Fighting
  5443 | D:6      | Reached skill level 5 in Maces & Flails
  5563 | D:6      | Noticed Pikel
  5579 | D:6      | Killed Pikel
  5580 | D:6      | Reached XP level 9. HP: 28/71 MP: 6/12
  5855 | D:6      | Reached skill level 7 in Fighting
  6009 | D:6      | Noticed Duvessa
  6009 | D:6      | Noticed Dowan
  6010 | D:6      | Killed Dowan
  6011 | D:6      | Reached skill level 5 in Invocations
  6020 | D:6      | Killed Duvessa
  6900 | D:7      | Found Vaushrix's Antique Weapon Emporium.
  6922 | D:7      | Reached skill level 1 in Dodging
  7308 | D:7      | Found Ygasutei's Armour Shoppe.
  7313 | D:7      | Bought a +2 pair of boots of flying for 236 gold pieces
  7335 | D:7      | Noticed Menkaure
  7338 | D:7      | Found Ruol's Distillery.
  7340 | D:7      | Killed Menkaure
  7340 | D:7      | Reached *** piety under Okawaru
  7341 | D:7      | Reached XP level 10. HP: 80/80 MP: 14/14
  7348 | D:7      | Bought a potion of invisibility for 128 gold pieces
  7444 | D:7      | Found Sedosch's General Store.
  7478 | D:7      | Reached skill level 8 in Fighting
  7772 | D:8      | Noticed Maggie
  7787 | D:8      | Killed Maggie
  7908 | D:8      | Noticed a two-headed ogre
  7922 | D:8      | Killed a two-headed ogre
  8189 | D:8      | Noticed Grum
  8201 | D:8      | Reached **** piety under Okawaru
  8222 | D:8      | Killed Grum
  8389 | D:8      | Reached skill level 9 in Fighting
  8747 | D:8      | Found a basalt altar of Yredelemnul.
  8766 | D:8      | Reached XP level 11. HP: 89/89 MP: 17/17
  8934 | D:8      | Identified the +6 trident of the Grand God {venom, rPois
                  | Dex+9}
  9013 | D:9      | Reached skill level 1 in Evocations
  9016 | D:9      | Reached ***** piety under Okawaru
  9291 | D:9      | Found a runed translucent gate.
  9293 | D:9      | Found a runed translucent gate.
  9294 | D:9      | Found a runed translucent gate.
  9294 | D:9      | Noticed stazo's ghost (novice DsFi)
  9420 | D:9      | Found a staircase to the Orcish Mines.
  9430 | D:9      | Reached skill level 5 in Dodging
 10092 | D:9      | Noticed Harold
 10103 | D:9      | Killed Harold
 10103 | D:9      | Received a gift from Okawaru
 10108 | D:9      | Reached skill level 10 in Fighting
 10270 | D:9      | Killed stazo's ghost
 10601 | D:10     | Entered Level 10 of the Dungeon
 10738 | D:10     | Found a broken altar of Ashenzari.
 10738 | D:10     | Found a snail-covered altar of Cheibriados.
 10738 | D:10     | Found a glowing silver altar of Zin.
 10912 | D:10     | Noticed a two-headed ogre
 10925 | D:10     | Killed a two-headed ogre
 10926 | D:10     | Reached XP level 12. HP: 69/99 MP: 12/18
 11101 | D:10     | Found a sparkling altar of Nemelex Xobeh.
 11102 | D:10     | Found a hazy altar of Hepliaklqana.
 11102 | D:10     | Noticed a two-headed ogre
 11112 | D:10     | Killed a two-headed ogre
 11113 | D:10     | Reached skill level 5 in Evocations
 11188 | D:10     | Found a radiant altar of Vehumet.
 11194 | D:10     | Found a bloodstained altar of Trog.
 11196 | D:10     | Found a stormy altar of Qazlal.
 11197 | D:10     | Found a shimmering altar of Xom.
 11290 | D:10     | Noticed a two-headed ogre
 11298 | D:10     | Killed a two-headed ogre
 11759 | D:11     | Noticed Amaemon
 11769 | D:10     | Killed Amaemon
 11769 | D:10     | Identified the +1 pair of gloves of the Lumpy Nightmares
                  | {rElec rC- Int+4} (Okawaru gifted it to you on level 10 of
                  | the Dungeon)
 11769 | D:10     | Received a gift from Okawaru
 11770 | D:10     | Reached skill level 11 in Fighting
 11930 | D:11     | Reached skill level 10 in Maces & Flails
 11949 | D:11     | Noticed a boulder beetle
 11962 | D:11     | Killed a boulder beetle
 12168 | D:11     | Identified the +6 short sword "Niasch" {vorpal, rC+ Int+4}
 12191 | D:11     | Noticed a two-headed ogre
 12220 | D:11     | Killed a two-headed ogre
 12271 | D:11     | Noticed a two-headed ogre
 12284 | D:11     | Killed a two-headed ogre
 12327 | D:11     | Found a staircase to the Lair.
 12590 | D:11     | Reached skill level 12 in Fighting
 12823 | Lair:1   | Entered Level 1 of the Lair of Beasts
 13216 | Lair:1   | Received a gift from Okawaru
 13217 | Lair:1   | Reached XP level 13. HP: 101/108 MP: 17/19
 13858 | Lair:2   | Noticed an eight-headed hydra
 13869 | Lair:2   | Killed an eight-headed hydra
 14450 | Lair:2   | Found a hole to the Spider Nest.
 14770 | Lair:2   | Found an opulent altar of Gozag.
 15410 | Lair:2   | Found a staircase to the Swamp.
 15946 | Lair:3   | Noticed Fannar
 15963 | Lair:3   | Killed Fannar
 15964 | Lair:3   | Reached skill level 13 in Fighting
 16200 | Lair:3   | Received a gift from Okawaru
 16947 | Lair:4   | Identified the +3 short sword "Wecayt" {flame, rPois Will+
                  | Int+4 Dex+4}
 16955 | Lair:4   | Noticed a seven-headed hydra
 16963 | Lair:4   | Killed a seven-headed hydra
 17246 | Lair:4   | Reached ****** piety under Okawaru
 17313 | Lair:4   | Identified a scroll of acquirement
 17313 | Lair:4   | Acquired a manual of Invocations
 17381 | Lair:4   | Received a gift from Okawaru
 17382 | Lair:4   | Reached XP level 14. HP: 103/119 MP: 15/20
 17749 | Lair:4   | Found a runed translucent door.
 17755 | Lair:4   | Noticed Piki's ghost (journeyman GrFE)
 17757 | Lair:4   | Identified the +4 trident of Reinforcement {freeze, *Noise
                  | rCorr Str-3 Dex+9}
 17766 | Lair:4   | Killed Piki's ghost
 17773 | Lair:4   | HP: 2/119 [spriggan rider/+0 spear (6)]
 17774 | Lair:4   | Identified the +1 plate armour "Jiromosch" {rPois Will++
                  | Regen+ Slay-2} (Okawaru gifted it to you on level 4 of the
                  | Lair of Beasts)
 17774 | Lair:4   | Received a gift from Okawaru
 17774 | Lair:4   | Mangled by a spriggan rider

Illustrated notes

Levels and vault maps discovered:
D:1:      spicycebolla_arrival_transporter_tutorial, layout_basic,
          dreamdust_ecumenical_altar_hidden_monk_grotto, serial_park_tiny_2
D:2:      layout_basic, minmay_ruptured
D:3:      layout_loops_ring, gammafunk_ghost_smash
D:4:      layout_basic, minmay_temple_entry_overgrown
D:5:      layout_loops_ring, kennysheep_generic_room_5
D:6:      layout_loops_ring, uniq_pikel, uniq_duvessa
D:7:      layout_cave_pools, serial_shops, nicolae_shop_hallway_plus,
          shop_statue, shop, shop, eino_jars, uniq_menkaure
D:8:      layout_cave_pods, lemuel_mausoleum_altar_yredelemnul, uniq_grum,
          uniq_maggie
D:9:      layout_layer_cave, zombieorc1_lemuel, gammafunk_ghost_split,
          uniq_harold
D:10:     layout_basic, nicolae_overflow_hallway_of_the_gods
D:11:     layout_cave_pools, minmay_lair_entry_grove, uniq_amaemon
Temple:   chequers_temple_sunken
Lair:1:   layout_roguey, st_stairs_4, infiniplex_staircase_pool,
          serial_bayou_shore_b
Lair:2:   layout_layer_cave, nicolae_swamp_entry_splash_gauntlet,
          hellmonk_spider_entry_life_and_decay, basic_altar, st_stairs_7,
          grunt_megastairs_1, serial_bayou_shore_b, lemuel_fruit_fields
Lair:3:   layout_roguey, uniq_fannar
Lair:4:   nzn_winding_woodlands_cross [nzn_winding_woodlands_5x15_zeroes,
          nzn_winding_woodlands_5x15_eye, nzn_winding_woodlands_5x15_longhouse,
          nzn_winding_woodlands_5x15_jagged,
          nzn_winding_woodlands_15x15_eel_pit], layout_loops_ring,
          ebering_ghost_funeral_grove

Skill      XL: |  1  2  3  4  5  6  7  8  9 10 11 12 13 |
---------------+----------------------------------------+-----
Fighting       | 4 5 6 7 9 10 12 13 | 13.7
Armour         | 4 5 6 7 9 |  9.2
Maces & Flails | 3 4 5 6 8 9 10 12 | 12.4
Shields        | 5 6 |  6.4
Invocations    | 1 4 6 8 |  8.2
Dodging        | 2 4 6 8 9 |  9.0
Evocations     | 4 5 |  5.0

Action                   |  1- 3 |  4- 6 |  7- 9 | 10-12 | 13-15 || total
-------------------------+-------+-------+-------+-------+-------++-------
Melee: Flail             |    80 |   190 |   130 |       |       ||   400
       Dire flail        |       |       |   124 |   475 |   274 ||   873
       Giant spiked club |       |       |       |       |    20 ||    20
Invok: Heroism           |       |       |     6 |     7 |     5 ||    18
 Abil: Dig               |       |       |       |     1 |       ||     1
Evoke: Wand              |       |       |       |       |     5 ||     5
  Use: Potion            |       |       |     2 |     2 |       ||     4
       Scroll            |       |       |     6 |     4 |    16 ||    26
 Stab: Invisible         |       |       |       |     2 |       ||     2
Armor: Scale mail        |    37 |    64 |       |       |       ||   101
       Plate armour      |       |    17 |    95 |       |       ||   112
       Chain mail        |       |    10 |       |       |       ||    10
       Ring mail         |       |       |    35 |   125 |    96 ||   256
Dodge: Dodged            |    32 |    92 |    79 |   241 |   166 ||   610
Block: Buckler           |    17 |    51 |    79 |   109 |    60 ||   316

Table legend: (Time is in decaauts)
 A = Elapsed time spent in this place.
 B = Non-inter-level travel time spent in this place.
 C = Inter-level travel time spent in this place.
 D = Time resting spent in this place.
 E = Time spent auto-exploring this place.
 F = Levels seen in this place.
 G = Mean time per level.
                   A        B        C        D        E       F      G
               +--------+--------+--------+--------+--------+-----+--------+
         Total |  17757 |  17158 |    599 |    962 |  13643 |  16 | 1109.8 |
       Dungeon |  12656 |  12100 |    556 |    436 |   9673 |  11 | 1150.5 |
        Temple |    232 |    228 |      4 |      0 |    217 |   1 |  232.0 |
          Lair |   4869 |   4830 |     39 |    526 |   3753 |   4 | 1217.2 |
               +--------+--------+--------+--------+--------+-----+--------+

Top non-repeatable levels by time:
  Lair:2: 1968 daAuts
     D:9: 1605 daAuts
     D:1: 1383 daAuts
     D:6: 1383 daAuts
     D:8: 1304 daAuts
    D:10: 1165 daAuts
     D:3: 1085 daAuts
  Lair:4: 1066 daAuts
     D:5: 1041 daAuts
    D:11: 1017 daAuts
     D:2: 924 daAuts
  Lair:1: 919 daAuts
  Lair:3: 915 daAuts
     D:4: 899 daAuts
     D:7: 845 daAuts
